 Dungeon Sprint DCSS version 0.29.1-2-gbd0b4ee654 (webtiles) character file.

Game seed: 9470452221732607714

3300000 Zeld the Pandemonic (level 17, -135/139 HPs)
             Began as a Djinni Monk on Nov 2, 2022.
             Was a High Priest of Makhleb.
             Annihilated by a destroyer
             ... wielding a +9 vorpal great sword
              (195 damage)
             ... in the Dungeon (Sprint VIII: "Arena of Blood").
             The game lasted 00:00:39 (33 turns).

Zeld the Pandemonic (Djinni Monk)                     Turns: 33, Time: 00:00:39

Health: -135/139   AC:  2    Str: 16    XL:     17   Next: 99%
Gold:   0          EV: 24    Int: 14    God:    Makhleb [*****.] SH:  0 Dex: 16

rFire   + + .      SeeInvis .   h - +∞ Axe of Woe
rCold   x . .      Faith    .   (shield currently unavailable)
rNeg    . . .      Spirit   .   a - +0 robe
rPois   ∞          Reflect  .   (no helmet)
rElec   .          Harm     .   (no cloak)
rCorr   .          Rampage  .   (no gloves)
Will    +....      NoTele   +   (boots unavailable)
Stlth   +++++++...              (no amulet)
HPRegen 0.33/turn               (no ring)
MPRegen 0.00/turn               (no ring)

@: producing miasma (expiring), flying
A: sickness immunity, fire resistance 2, cold vulnerability 1, float, innate
caster, HP casting, extra vitality 1
a: Renounce Religion, Minor Destruction, Lesser Servant of Makhleb, Major
Destruction, Greater Servant of Makhleb


You were in the Dungeon.
You worshipped Makhleb.
Makhleb was extremely pleased with you.
You visited 1 branch

Inventory:

Hand Weapons
 h - the +∞ Axe of Woe (weapon)
   (You found it in the Dungeon)
Armour
 a - a +0 robe (worn)
Scrolls
 g - a scroll of blinking
Potions
 b - a potion of ambrosia
 c - a potion of curing
 d - a potion of heal wounds
 e - a potion of haste
 f - a potion of berserk rage


   Skills:
 + Level 18.9 Fighting
 * Level 21.8 Axes
 + Level 20.5 Dodging
 + Level 17.4 Stealth
 - Level 3.0 Unarmed Combat
 * Level 20.2 Spellcasting
 * Level 25.3 Invocations


You had 25 spell levels left.
You knew the following spells:

 Your Spells              Type           Power      Damage    Failure   Level
a - Slow                  Hex            100%       N/A       0%          1
b - Static Discharge      Conj/Air       63%        3-11/arc  0%          2
c - Gell's Gravitas       Tloc           63%        N/A       0%          3
d - Summon Guardian Gole  Hex/Summ       63%        N/A       0%          3
e - Corpse Rot            Necr/Pois/Air  63%        N/A       0%          4
f - Lightning Bolt        Conj/Air       31%        1d48      1%          5
g - Death Channel         Necr           31%        N/A       1%          6
h - Dragon Form           Tmut           31%        N/A       1%          7
Your spell library was empty.

Dungeon Overview and Level Annotations

Branches:
Dungeon (1/1)

Altars:
Makhleb


Innate Abilities, Weirdness & Mutations

You are immune to sickness and miasma.
You are immune to poison.
Your flesh is very heat resistant. (rF++)
You are vulnerable to cold. (rC-)
You float through the air rather than walking.
You learn spells naturally, not from books.
Your magical power is your life essence.
You have superior vitality. (+4 MHP)


Message History

Your Spellcasting skill increases to level 19!
Your Invocations skill increases to level 24!
Unknown command.
Unknown command.
Your miasmic aura is weakening.
You hear two shouts!
You hear a shout! x8
The eight-headed meat hydra roars!
You hear a shout! x11
A bag of meat comes into view. It is wielding a +9 war axe.
You hear a shout! x13
You hit the large bag of meat.
Flame seeps out of the large bag of meat.
You slaughter the large bag of meat joyfully.
Makhleb accepts your kill.
The large bag of meat explodes!
The fiery explosion engulfs you! You resist.
The destroyer appears out of thin air!
A destroyer comes into view. It is wielding a +9 vorpal great sword.
You are engulfed in blazing flames.
You resist.
You hear a shout! x12; You hear a roar!
Your Dodging skill increases to level 20!
Your Stealth skill increases to level 17!
Your Spellcasting skill increases to level 20!
Your Invocations skill increases to level 25!
Unknown command.
Unknown command.
You are engulfed in blazing flames.
You resist.
You hear two shouts!
You hear a shout! x4
A bag of meat comes into view. It is wielding a +9 war axe.
You hear a shout! x10
The destroyer gestures at you while chanting.
The destroyer blinks!
A sculptor of flesh comes into view. It is wielding a +9 great sword.
You hear a shout! x4
The eight-headed meat hydra is engulfed in blazing flames.
The eight-headed meat hydra calls on the powers of darkness!
The eight-headed meat hydra convulses!
Your body is wracked with pain!
The destroyer is engulfed in blazing flames.
The destroyer hits you with a +9 vorpal great sword!!!!!
Ouch! That really hurt!
You die...

... ..... #..
...# . #.. ...#
. ..###..
...###..
......###......
......_......
#.°○○.# #_°§○D#
#)°@°§#
......○○V§.....
......###V§..o.
..###..
...###.. . #..
...# . #.. ...#
... ..... .. .z


You could see an eight-headed meat hydra, 2 destroyers, a sculptor of flesh
(wandering) and a bag of meat.

Vanquished Creatures
  4 ogres (D)
  A two-headed ogre (D)
  11 orcs (D)
16 creatures vanquished.

Notes
Turn   | Place    | Note
-------+----------+-------------------------------------------
     0 | D        | Found the +∞ Axe of Woe
     0 | D        | Zeld the Djinni Monk began the quest for the Orb.
     0 | D        | Reached XP level 1. HP: 20/20 MP: 0/0
     3 | D        | Noticed a bag of meat
     3 | D        | Noticed a bag of meat
     3 | D        | Noticed a bag of meat
     4 | D        | Became a worshipper of Makhleb the Destroyer
     4 | D        | Reached * piety under Makhleb
     4 | D        | Reached ** piety under Makhleb
     5 | D        | Noticed a bag of meat
     5 | D        | Noticed a bag of meat
     5 | D        | Noticed a bag of meat
     6 | D        | Killed a bag of meat
     6 | D        | Noticed a meat berserker
     7 | D        | Reached skill level 10 in Axes
     7 | D        | Reached skill level 10 in Dodging
     7 | D        | Reached skill level 12 in Invocations
     7 | D        | Reached XP level 2. HP: 34/34 MP: 0/0
     7 | D        | Reached XP level 3. HP: 40/40 MP: 0/0
     7 | D        | Learned a level 1 spell: Slow
     7 | D        | Reached XP level 4. HP: 45/45 MP: 0/0
     7 | D        | Reached XP level 5. HP: 50/50 MP: 0/0
     7 | D        | Learned a level 2 spell: Static Discharge
     7 | D        | Reached XP level 6. HP: 57/57 MP: 0/0
     7 | D        | Reached XP level 7. HP: 61/61 MP: 0/0
     7 | D        | Learned a level 3 spell: Gell's Gravitas
     7 | D        | Reached XP level 8. HP: 67/67 MP: 0/0
     7 | D        | Reached XP level 9. HP: 73/73 MP: 0/0
     7 | D        | Learned a level 3 spell: Summon Guardian Golem
     7 | D        | Reached XP level 10. HP: 78/78 MP: 0/0
     7 | D        | Reached XP level 11. HP: 84/84 MP: 0/0
     7 | D        | Learned a level 4 spell: Corpse Rot
     7 | D        | Noticed a meat berserker
     9 | D        | Killed a bag of meat
     9 | D        | Killed a bag of meat
     9 | D        | Killed a bag of meat
     9 | D        | Reached *** piety under Makhleb
    10 | D        | Reached skill level 16 in Invocations
    10 | D        | Reached XP level 12. HP: 96/96 MP: 0/0
    10 | D        | Reached XP level 13. HP: 102/102 MP: 0/0
    10 | D        | Learned a level 5 spell: Lightning Bolt
    10 | D        | Killed a meat berserker
    11 | D        | Reached skill level 15 in Axes
    11 | D        | Reached skill level 18 in Invocations
    11 | D        | Reached XP level 14. HP: 89/110 MP: 0/0
    11 | D        | Killed a bag of meat
    12 | D        | Reached skill level 15 in Dodging
    12 | D        | Killed a meat berserker
    12 | D        | Reached **** piety under Makhleb
    12 | D        | Noticed a bag of meat
    13 | D        | Reached skill level 15 in Spellcasting
    13 | D        | Reached skill level 20 in Invocations
    13 | D        | Reached XP level 15. HP: 86/118 MP: 0/0
    13 | D        | Learned a level 6 spell: Death Channel
    14 | D        | Reached skill level 15 in Fighting
    15 | D        | Noticed a meat berserker
    17 | D        | Killed a meat berserker
    18 | D        | Reached skill level 21 in Invocations
    18 | D        | Reached XP level 16. HP: 128/128 MP: 0/0
    18 | D        | Reached ***** piety under Makhleb
    19 | D        | Reached skill level 15 in Stealth
    19 | D        | Reached skill level 22 in Invocations
    23 | D        | Noticed a meat berserker
    24 | D        | Reached skill level 23 in Invocations
    24 | D        | Reached XP level 17. HP: 131/137 MP: 0/0
    24 | D        | Learned a level 7 spell: Dragon Form
    25 | D        | Noticed a large bag of meat
    27 | D        | Noticed a destroyer
    27 | D        | Killed a meat berserker
    28 | D        | Reached skill level 24 in Invocations
    28 | D        | Noticed an eight-headed meat hydra
    31 | D        | Killed a large bag of meat
    32 | D        | Reached skill level 25 in Invocations
    32 | D        | Noticed a destroyer
    33 | D        | Noticed a sculptor of flesh
    33 | D        | Annihilated by a destroyer

Illustrated notes

Levels and vault maps discovered:
D:        meatsprint

Skill      XL: |  1  2  3  4  5  6  7  8  9 10 11 12 13 14 15 16 17 |
---------------+----------------------------------------------------+-----
Fighting       | 9 12 13 14 16 17 18 | 18.9
Axes           | 10 14 15 17 18 20 21 | 21.8
Dodging        | 10 13 14 16 17 18 20 | 20.5
Stealth        | 8 11 12 13 14 16 17 | 17.4
Spellcasting   | 9 13 14 15 17 18 20 | 20.2
Invocations    | 12 16 18 20 21 23 25 | 25.3
Unarmed Combat | |  3.0

Action                   |  1- 3 |  4- 6 |  7- 9 | 10-12 | 13-15 | 16-18 || total
-------------------------+-------+-------+-------+-------+-------+-------++-------
Melee: Executioner's axe |     1 |       |       |     1 |     5 |     5 ||    12
 Cast: Corpse Rot        |       |       |       |       |     1 |       ||     1
Dodge: Dodged            |       |       |       |       |       |     1 ||     1
